Map: Moonlight Madness LE (Void)

Players

Javert

  • Race: Zerg Zerg
  • League: Grandmaster

Squishy - Winner!

  • Race: Zerg Zerg
  • League: Grandmaster

VOD

Have the link to the VOD?

Description

Time

  • Played on: Aug. 27, 2015, 11:39 p.m.
  • Length: 10:22
Show
View Real Time Build Order
Export as new Build Order

Javert Zerg 

Build Orders: Pool First 

Get SALT Encoding   

  12  0:01  Drone  
  13  0:13  Overlord  
  13  0:19  Drone  
  14  0:32  Drone x2  
  16  0:36  Drone  
  17  0:46  Spawning Pool  
  17  0:49  Drone  
  17  0:53  Extractor  
  16  1:01  Drone  
  17  1:18  Hatchery  
  16  1:34  Roach Warren  
  16  1:39  Queen  
  17  1:44  Drone  
  18  1:48  Drone  
  18  1:53  Drone  
  20  2:04  Overlord  
  22  2:15  Roach  
  22  2:24  Roach  
  24  2:34  Roach x2  
  28  2:38  Queen  
  30  2:47  Drone  
  30  2:48  Drone x3  
  34  2:55  Overlord  
  34  3:03  Drone x2  
  36  3:13  Overlord  
  36  3:22  Drone x4  
  40  3:29  Overlord  
  40  3:39  Hatchery  
  39  3:43  Drone x2  
  41  3:49  Drone x3  
  44  4:00  Roach x2  
  44  4:01  Baneling Nest  
  47  4:05  Drone x3  
  50  4:14  Evolution Chamber  
  51  4:17  Roach x3  
  51  4:22  Drone x2  
  51  4:23  Drone  
  58  4:32  Overlord  
  58  4:37  Lair  
  58  4:40  Overlord  
  58  4:41  Drone x2  
  60  4:46  Extractor  
  60  4:49  Overlord  
  59  4:57  Drone x2  
  59  4:58  Drone x4  
  65  5:07  Roach x2  
  65  5:08  Roach  
  71  5:17  Spine Crawler  
  70  5:23  Drone x2  
  71  5:29  Extractor  
  71  5:31  Overlord x2  
  71  5:32  Drone x4  
  71  5:33  Drone x2  
  76  5:38  Extractor  
  76  5:40  Drone  
  76  5:44  Hydralisk Den  
  75  5:50  Overlord  
  75  5:51  Drone x2  
  77  5:58  Overlord x2  
  77  6:01  Drone, Extractor  
  77  6:02  Drone x4, Extractor  
  80  6:08  Overlord  
  80  6:10  Glial Reconstitution  
  76  6:25  Roach  
  76  6:26  Roach x6  
  80  6:37  Roach x5  
  88  6:44  Overlord  
  88  6:52  Hatchery  
  88  6:53  Drone x3  
  90  6:57  Lurker Den, Queen  
  92  7:05  Roach x4  
  92  7:06  Roach x3  
  106  7:11  Overlord  
  106  7:17  Drone x2  
  106  7:19  Burrow  
  106  7:20  Metabolic Boost  
  108  7:23  Drone  
  109  7:31  Drone x2  
  109  7:32  Evolution Chamber, Drone x3  
  113  7:37  Overlord  
  113  7:46  Roach  
  113  7:47  Roach x3  
  113  7:58  Roach x3  
  101  8:07  Hydralisk x2  
  101  8:08  Hydralisk x3  
  111  8:15  Drone x2  
  111  8:16  Drone x3  
  116  8:22  Ravager x2  
  116  8:23  Ravager x4  
  122  8:33  Evolution Chamber  
  111  8:40  Roach x9  
  111  8:41  Roach  
  114  8:47  Roach  
  114  8:48  Roach x3  
  107  8:55  Roach x2  
  97  9:00  Roach  
  97  9:01  Roach x3  
  79  9:16  Roach  
  83  9:17  Roach x4  
  77  9:28  Roach x5  
  79  9:33  Roach x2  
  79  9:34  Roach  
  79  9:43  Ravager x2  
  81  9:47  Roach  
  81  9:48  Roach x4  
  79  9:56  Roach x3  
Show
View Real Time Build Order
Export as new Build Order

Squishy Zerg - Winner!

Build Orders: Pool First 

Get SALT Encoding   

  12  0:01  Drone  
  13  0:17  Overlord  
  13  0:29  Drone  
  14  0:36  Drone x2  
  14  0:40  Drone  
  17  0:56  Drone  
  18  1:00  Spawning Pool  
  17  1:15  Hatchery  
  16  1:19  Drone  
  16  1:21  Extractor  
  16  1:24  Drone  
  17  1:26  Overlord  
  17  1:35  Drone  
  18  1:47  Queen  
  18  1:49  Zergling x2  
  21  1:55  Zergling x2  
  22  2:07  Drone  
  23  2:18  Drone  
  24  2:30  Queen  
  24  2:31  Queen  
  24  2:32  Metabolic Boost  
  29  2:37  Drone x2  
  29  2:38  Drone  
  29  2:39  Drone  
  32  2:50  Drone x2  
  34  3:02  Roach Warren  
  34  3:03  Drone  
  34  3:04  Drone x2  
  36  3:13  Overlord  
  36  3:17  Overlord  
  36  3:31  Evolution Chamber  
  35  3:40  Zergling x4  
  37  3:42  Drone x3  
  37  3:44  Drone x4  
  44  3:51  Hatchery  
  43  4:01  Zerg Missile Weapons Level 1  
  43  4:02  Lair  
  43  4:06  Drone x2  
  45  4:20  Drone x3, Extractor  
  45  4:21  Drone x4  
  45  4:22  Extractor  
  50  4:30  Overlord  
  50  4:39  Evolution Chamber  
  49  4:46  Overlord  
  49  4:48  Overlord x2  
  49  5:03  Drone x7  
  53  5:25  Roach x8  
  68  5:32  Queen  
  70  5:38  Zergling x2  
  70  5:39  Zergling x4  
  73  5:47  Hatchery  
  73  5:49  Drone x7  
  79  5:56  Zerg Missile Weapons Level 2  
  79  5:59  Drone  
  79  6:00  Extractor  
  78  6:09  Roach x3  
  80  6:19  Roach x4  
  80  6:20  Roach  
  84  6:26  Roach x2  
  82  6:34  Queen  
  82  6:36  Roach x3  
  88  6:42  Extractor x2  
  88  6:45  Overlord x3  
  86  6:55  Overlord x4  
  86  7:10  Drone  
  86  7:13  Overlord  
  86  7:14  Roach x8  
  103  7:23  Roach x6  
  103  7:29  Glial Reconstitution  
  115  7:37  Roach x6  
  127  7:41  Hatchery  
  124  7:47  Zerg Ground Armor Level 1  
  124  7:49  Roach x5  
  134  8:07  Hatchery  
  134  8:12  Queen  
  135  8:19  Drone x3  
  120  8:46  Roach x7  
  110  8:56  Roach x3  
  110  9:19  Roach x6  
  114  9:30  Roach x4  
  118  9:38  Queen  
  114  9:56  Hydralisk Den  
  114  9:59  Infestation Pit  
  110  10:03  Roach x8  
  124  10:07  Drone x2  
Tags
 
Add a new tag
Caveats
  • Supply blocks, unpowered buildings, or Contaminate may cause inaccurate times.
  • Supply counts are checked every 10 seconds.